 Dungeon Crawl Stone Soup version 0.25.0-46-gbd7b0854d2 (webtiles) character file.

Game seed: 11655467722373047831

583 ANON1729 the Cudgeler (level 7, -4/67 HPs)
             Began as a Troll Gladiator on July 13, 2020.
             Slain by a gnoll
             ... wielding a +0 halberd
              (10 damage)
             ... on level 5 of the Dungeon.
             The game lasted 00:03:49 (3455 turns).

ANON1729 the Cudgeler (Troll Gladiator)             Turns: 3455, Time: 00:03:50

Health: -4/67      AC:  6    Str: 25    XL:     7   Next: 14%
Magic:  6/6        EV: 11    Int:  4    God:
Gold:   152        SH:  0    Dex: 11    Spells: 6/6 levels left

rFire    . . .     SeeInvis .   a - +0 flail
rCold    + . .     Gourm    +   (no shield)
rNeg     . . .     Faith    .   b - +0 robe
rPois    +         Spirit   .   c - +0 hat
rElec    .         Reflect  .   (no cloak)
rCorr    .         Harm     .   (gloves unavailable)
MR       .....                  (boots unavailable)
Stlth    +.........             (no amulet)
HPRegen  0.61/turn              l - ring of poison resistance
MPRegen  0.10/turn              r - ring of protection from cold

@: glowing
A: large, unfitting armour, claws 3, fast metabolism 3, gourmand, regeneration
1, shaggy fur 1, tough skin 3
a: no special abilities


You were on level 5 of the Dungeon.
You were full.

You visited 1 branch of the dungeon, and saw 5 of its levels.

You collected 152 gold pieces.

Inventory:

Hand Weapons
 a - a +0 flail (weapon)
Missiles
 d - 3 throwing nets (quivered)
Armour
 b - a +0 robe (worn)
 c - a +0 hat (worn)
Jewellery
 l - a ring of poison resistance (left claw)
 r - a ring of protection from cold (right claw)
Wands
 v - a wand of polymorph (6)
 y - a wand of iceblast (9)
Scrolls
 e - 4 scrolls of fear {unknown}
 g - a scroll of random uselessness {unknown}
 i - a scroll of enchant weapon {unknown}
 j - 3 scrolls of teleportation {unknown}
 o - 2 scrolls of magic mapping {unknown}
 q - a scroll of remove curse {unknown}
 s - 3 scrolls of identify {unknown}
 t - a scroll of blinking {unknown}
 u - a scroll of noise {unknown}
 x - a scroll of fog {unknown}
Potions
 h - a potion of heal wounds {unknown}
 k - a potion of lignification {unknown}
 m - a potion of flight {unknown}
 n - a potion of resistance {unknown}
 p - a potion of might {unknown}
 w - a potion of haste {unknown}
Comestibles
 f - 7 rations


   Skills:
 + Level 3.5 Fighting
 + Level 4.4 Maces & Flails
 + Level 3.8 Throwing
 + Level 4.0 Dodging


You had 6 spell levels left.
You didn't know any spells.
Your spell library was empty.

Dungeon Overview and Level Annotations

Branches:
Dungeon (5/15)
 Temple: D:4-7

Altars:
Gozag
Nemelex Xobeh
Ru
Sif Muna
Trog
The Shining One

Shops:
D:4 :


Innate Abilities, Weirdness & Mutations

You are too large for most types of armour.
You have claws for hands.
Your metabolism is lightning-fast.
You like to eat raw meat.
Your natural rate of healing is unusually fast.
You are covered in fur. (AC +1)
You have extremely tough skin. (AC +3)


Message History

a +0 club x2; a +0 robe of fire resistance; a gnoll corpse You barely miss the gnoll.
The gnoll misses you.
You hit the gnoll.
The gnoll is lightly wounded.
The gnoll hits you but does no damage.
You hit the gnoll.
The gnoll is heavily wounded.
The gnoll hits you with a +0 halberd!
* * * LOW HITPOINT WARNING * * *
You barely miss the gnoll.
The gnoll is heavily wounded.
The gnoll hits you but does no damage.
You hit the gnoll but do no damage.
The gnoll is heavily wounded.
The gnoll hits you with a +0 halberd!
* * * LOW HITPOINT WARNING * * *
You hit the gnoll.
The gnoll is almost dead.
The gnoll hits you with a +0 halberd!
You die...

#...# #.......#
#...#########........ #
#........##.b........
..####....###.##(#........
...............#.#..#..##.
..................g.......
...............#.##)...##.
######....###.##.# .......
#.....@g.##.. ....##.
#)).##########......
#รท..# #.##### #######...#
.. #....)....##### .#
#.#####.......#
##.#####...###.#
####.....#..#.###.##
.......#............


You could see a gnoll.

Vanquished Creatures
  An ogre (D:4)
  2 eyes of draining (D:3)
  A gnoll shaman (D:5)
  An orc priest (D:4)
  Terence (D:2)
  A worker ant (D:4)
  3 gnolls (D:5)
  7 adders
  2 oozes
  2 worms (D:2)
  A dart slug (D:2)
  2 leopard geckos
  11 orcs
  6 bats
  10 giant cockroaches
  11 goblins
  9 hobgoblins
  11 jackals
  A quokka (D:3)
  5 frilled lizards
  7 kobolds
  7 rats
102 creatures vanquished.

Notes
Turn   | Place    | Note
-------+----------+-------------------------------------------
     0 | D:1      | ANON1729 the Troll Gladiator began the quest for the Orb.
     0 | D:1      | Reached XP level 1. HP: 19/19 MP: 0/0
   189 | D:1      | Reached XP level 2. HP: 28/28 MP: 1/1
   432 | D:1      | Reached XP level 3. HP: 24/35 MP: 2/2
   736 | D:2      | Found a glowing golden altar of the Shining One.
   755 | D:2      | Found an opulent altar of Gozag.
   755 | D:2      | Noticed Terence
   768 | D:2      | Killed Terence
   768 | D:2      | Reached XP level 4. HP: 30/42 MP: 3/3
  1798 | D:2      | Found a sacrificial altar of Ru.
  1931 | D:3      | Reached XP level 5. HP: 47/50 MP: 4/4
  2252 | D:3      | Noticed an eye of draining
  2252 | D:3      | Noticed an eye of draining
  2267 | D:3      | Found a bloodstained altar of Trog.
  2272 | D:3      | Killed an eye of draining
  2272 | D:3      | Reached XP level 6. HP: 43/59 MP: 0/5
  2779 | D:4      | Found Dipuox's Book Emporium.
  2797 | D:4      | Found a sparkling altar of Nemelex Xobeh.
  2977 | D:4      | Found a shimmering blue altar of Sif Muna.
  3076 | D:5      | Entered Level 5 of the Dungeon
  3228 | D:5      | Reached XP level 7. HP: 31/67 MP: 6/6
  3455 | D:5      | Slain by a gnoll

Illustrated notes

Levels and vault maps discovered:
D:1:      minmay_arrival_radiant_lines, layout_basic, minivault_5
D:2:      layout_loops_corners, nicolae_ru_the_path_less_chosen,
          grunt_temple_overflow_open, minmay_worlds_worst_comb, uniq_terence
D:3:      layout_loops_cross, trog_eyes_of_draining, item_on_display_a
D:4:      layout_loops_ring, nemelex_xobeh_ov_fountains_minmay,
          nicolae_overflow_crystal_walls, first_ration, serial_shops, shop,
          uniq_duvessa
D:5:      layout_loops_cross, kennysheep_little_box, xom_butterflies,
          grunt_qazlal_sundering, kennysheep_cluttered_room,
          uniq_crazy_yiuf_cottage

Skill      XL: |  1  2  3  4  5  6  7 |
---------------+----------------------+-----
Throwing       | 2 3 |  3.8
Maces & Flails | 3 4 |  4.4
Fighting       | 2 3 |  3.5
Dodging        | 3 4 |  4.0

Action                   |  1- 3 |  4- 6 |  7- 9 || total
-------------------------+-------+-------+-------++-------
Melee: Flail             |   122 |   265 |    21 ||   408
 Stab: Sleeping          |       |     3 |       ||     3
  Eat: Chunk             |    13 |    21 |     1 ||    35
Armor: Robe              |    60 |   118 |     3 ||   181
Dodge: Dodged            |    71 |   172 |    10 ||   253
